 Dungeon Crawl Stone Soup version 0.27-a0-1232-gc6a4cbde82 (webtiles) character file.

Game seed: 17011311511618429705

7362 Dvallin the Slicer (level 11, -7/69 HPs)
             Began as a Kobold Berserker on June 9, 2021.
             Was a High Priest of Trog.
             Mangled by a komodo dragon (17 damage)
             ... on level 9 of the Dungeon.
             The game lasted 00:30:40 (11303 turns).

Dvallin the Slicer (Kobold Berserker)              Turns: 11303, Time: 00:30:40

Health: -7/69      AC:  6    Str: 24    XL:     11   Next: 35%
Magic:  11/11      EV: 18    Int:  8    God:    Trog [*****.]
Gold:   578        SH: 10    Dex: 15    Spells: 10/10 levels left

rFire    + . .     SeeInvis +   P - +1 short sword (drain)
rCold    . . .     Faith    .   Q - +0 buckler
rNeg     . . .     Spirit   .   k - +1 leather armour {rF+}
rPois    .         Reflect  +   q - +0 helmet
rElec    .         Harm     .   y - +1 cloak
rCorr    .         Rampage  .   (no gloves)
Will     ++...                  K - +2 pair of boots
Stlth    +++++.....             x - amulet of reflection
HPRegen  1.21/turn              m - ring of see invisible
MPRegen  0.12/turn              C - +6 ring of strength

@: strong-willed, corroded, on berserk cooldown, regenerating, slowed, very slow
A: small, no large weapons, nightstalker 3
a: Renounce Religion, Berserk, Trog's Hand, Brothers in Arms


You were on level 9 of the Dungeon.
You worshipped Trog.
Trog was extremely pleased with you.
You visited 1 branch of the dungeon, and saw 11 of its levels.

You collected 578 gold pieces.

Inventory:

Hand Weapons
 e - a +3 short sword
 g - a +3 dagger
 P - a +1 short sword of draining (weapon)
Missiles
 G - 2 throwing nets
 J - a curare-tipped dart
Armour
 f - a +2 robe of cold resistance
 k - a +1 leather armour of fire resistance (worn)
 q - a +0 helmet (worn)
 v - a +2 robe of positive energy
 y - a +1 cloak (worn)
 K - a +2 pair of boots (worn)
 L - a +0 plate armour
 Q - a +0 buckler (worn)
 R - a +0 ring mail
Jewellery
 m - a ring of see invisible (left hand)
 x - an amulet of reflection (around neck)
 C - a +6 ring of strength (right hand)
 H - a ring of positive energy
 T - a ring of magical power
 U - a ring of poison resistance
Wands
 s - a wand of iceblast (11)
 u - a wand of charming (8)
 N - a wand of flame (11)
 S - a wand of paralysis (8)
Scrolls
 a - 2 scrolls of enchant armour {unknown}
 c - 2 scrolls of immolation {unknown}
 d - 6 scrolls of blinking {unknown}
 h - 2 scrolls of fog {unknown}
 j - a scroll of noise {unknown}
 o - 2 scrolls of vulnerability {unknown}
 p - 2 scrolls of enchant weapon {unknown}
 t - 2 scrolls of teleportation {unknown}
 w - 9 scrolls of identify {unknown}
 E - a scroll of acquirement {unknown}
 F - 3 scrolls of magic mapping {unknown}
Potions
 b - a potion of ambrosia {unknown}
 i - 4 potions of flight {unknown}
 l - a potion of lignification {unknown}
 n - 2 potions of haste {unknown}
 r - a potion of cancellation {unknown}
 z - 3 potions of curing {unknown}
 A - a potion of heal wounds {unknown}
 B - 2 potions of degeneration {unknown}
 D - a potion of invisibility {unknown}
 I - a potion of resistance {unknown}
 M - a potion of brilliance {unknown}
 O - a potion of attraction {unknown}


   Skills:
 + Level 8.9 Fighting
 * Level 13.7 Short Blades
 - Level 1.5 Armour
 + Level 9.3 Dodging
 + Level 10.5 Stealth
 * Level 1.4 Shields


You had 10 spell levels left.
You didn't know any spells.
Your spell library was empty.

Dungeon Overview and Level Annotations

Branches:
Dungeon (11/15)            Temple (0/1) D:7
   Lair: D:8-11         Orc: D:9-12

Altars:
Ashenzari
Elyvilon
Fedhas
Hepliaklqana
Uskayaw
Vehumet
Yredelemnul
Zin

Shops:
D:3 =   D:5 ?

Annotations:
D:9 2 transporters, exclusion: orc priest, Maggie; quinnr's ghost, journeyman DjIE
D:10 3 runed translucent doors, exclusion: orange crystal statue


Innate Abilities, Weirdness & Mutations

You are small and have problems with some larger weapons.
You are completely attuned to the shadows.


Message History

You block the acid dragon's attack. x2
You hit the acid dragon but do no damage.
The acid dragon is severely wounded.
You closely miss the acid dragon.
The acid dragon is severely wounded.
The komodo dragon bites you! You block the acid dragon's attack. x2
You are too injured to fight recklessly!
You are too injured to fight recklessly!
You are too injured to fight recklessly!
You are too injured to fight recklessly!
You are too injured to fight recklessly!
You hit the acid dragon but do no damage.
The acid dragon is severely wounded.
You barely miss the acid dragon.
The acid dragon is severely wounded.
You hit the acid dragon but do no damage.
The acid dragon is severely wounded.
The acid dragon closely misses you. The acid dragon completely misses you.
You puncture the acid dragon!
The acid dragon is almost dead.
You puncture the acid dragon!
You feel the power of Trog in you as your rage grows.
You kill the acid dragon!
Trog accepts your kill. The komodo dragon bites you!!
* * * LOW HITPOINT WARNING * * *
You block the yak's attack.
You hear an angry hiss.
You feel a strong urge to attack something.
You feel your anger nearly subside.
You are no longer berserk.
You are exhausted.
You feel yourself slow down.
The komodo dragon hisses menacingly.
Unknown command.
Okay, then.
Your skin crawls.
You feel strong-willed. The komodo dragon bites you!
You die...

# #.<........#
#######..........#
#..............†.#
################## ### ##
##.## ### ####.##
#.#.###.# #.#.!.##
###....####...#... ######
#.####@##........ ..##.###
##.#####lY........
##..##.#
#.#......l...#....
##....###........#.####...
##..........##.#.## .##
##########.#..## ##


You could see 2 komodo dragons and a yak.

Vanquished Creatures
  A two-headed ogre (D:10)
  Pikel (D:4)
  A cyclops (D:8)
  Grinder (D:3)
  A shadow (D:10)
  6 wyverns
  3 vampire mosquitoes (D:10)
  A basilisk (D:9)
  3 yaks (D:9)
  2 acid dragons (D:9)
  A water moccasin (D:8)
  2 sky beasts
  3 orc warriors
  2 ice beasts
  A necrophage (D:4)
  2 ogres
  3 centaurs
  4 lemures (D:4)
  A kobold brigand (D:6)
  4 bullfrogs
  A gnoll sergeant (D:10)
  3 scorpions
  A water moccasin zombie (D:6)
  5 killer bees (D:9)
  4 wights (D:4)
  An electric eel (D:7)
  A bullfrog zombie (D:6)
  5 centaur zombies
  2 hounds
  2 jellies
  4 orc priests
  2 centaur skeletons
  A gnoll shaman (D:6)
  2 bullfrog skeletons
  3 iguanas
  Jessica (D:1)
  Ijyb (D:3)
  Natasha (thrice) (D:2)
  7 orc wizards
  Robin (D:3)
  2 adders
  8 gnolls
  2 worms
  4 dart slugs
  28 orcs
  3 ball pythons
  10 endoplasms
  3 giant cockroaches (D:1)
  9 hobgoblins
  9 jackals
  15 kobolds
  7 quokkas
  4 bats
  A frilled lizard (D:2)
  12 goblins
  5 rats
  A spectral orc (D:7)
216 creatures vanquished.

Vanquished Creatures (others)
  A kobold brigand (D:9)
  2 plants (D:2)
3 creatures vanquished.

Grand Total: 219 creatures vanquished

Notes
Turn   | Place    | Note
-------+----------+-------------------------------------------
     0 | D:1      | Dvallin the Kobold Berserker began the quest for the Orb.
     0 | D:1      | Reached XP level 1. HP: 14/14 MP: 1/1
   257 | D:1      | Reached XP level 2. HP: 15/19 MP: 2/2
   358 | D:1      | Reached skill level 1 in Stealth
   686 | D:1      | Reached XP level 3. HP: 23/23 MP: 3/3
  1332 | D:2      | Noticed Jessica
  1337 | D:1      | Killed Jessica
  1338 | D:1      | Reached skill level 5 in Short Blades
  1338 | D:1      | Reached XP level 4. HP: 29/29 MP: 4/4
  1673 | D:2      | Reached ** piety under Trog
  1749 | D:2      | Noticed Natasha
  1755 | D:2      | Killed Natasha
  1756 | D:2      | Reached XP level 5. HP: 33/33 MP: 5/5
  1862 | D:2      | Noticed Natasha
  1869 | D:2      | Killed Natasha
  2262 | D:2      | Noticed Natasha
  2265 | D:2      | Killed Natasha
  2411 | D:3      | You fall into a shaft and drop 1 floor!
  2412 | D:4      | Noticed an ogre
  2440 | D:3      | Noticed Ijyb
  2634 | D:3      | Found Kyost's Jewellery Emporium.
  2978 | D:3      | Reached skill level 6 in Short Blades
  3010 | D:3      | Reached XP level 6. HP: 26/38 MP: 6/6
  3041 | D:3      | Noticed Robin
  3054 | D:3      | Killed Robin
  3216 | D:3      | Found a faded altar of an unknown god.
  3354 | D:3      | Noticed Grinder
  3366 | D:3      | Killed Grinder
  3367 | D:3      | Reached XP level 7. HP: 44/44 MP: 7/7
  3765 | D:3      | Killed Ijyb
  3766 | D:3      | Reached skill level 7 in Short Blades
  4089 | D:4      | Found a blossoming altar of Fedhas.
  4090 | D:4      | Found a radiant altar of Vehumet.
  4090 | D:4      | Found a broken altar of Ashenzari.
  4091 | D:4      | Found a glowing silver altar of Zin.
  4095 | D:4      | Reached skill level 5 in Fighting
  4168 | D:4      | Reached *** piety under Trog
  4368 | D:4      | Reached skill level 5 in Stealth
  4368 | D:4      | Reached XP level 8. HP: 26/49 MP: 8/8
  4574 | D:4      | Reached skill level 8 in Short Blades
  4574 | D:4      | Reached skill level 5 in Dodging
  4656 | D:4      | You fall into a shaft and drop 3 floors!
  4672 | D:7      | Noticed a wyvern
  4725 | D:7      | Found a white marble altar of Elyvilon.
  5001 | D:5      | Entered Level 5 of the Dungeon
  5603 | D:4      | Reached skill level 9 in Short Blades
  5647 | D:4      | Noticed Pikel
  5693 | D:4      | Killed Pikel
  5694 | D:4      | Reached XP level 9. HP: 39/55 MP: 9/9
  5994 | D:5      | Reached skill level 10 in Short Blades
  6439 | D:5      | Found Veot Ycicw's Magic Scroll Shoppe.
  6718 | D:6      | Found a hide-covered altar of Uskayaw.
  6834 | D:6      | Reached **** piety under Trog
  7070 | D:6      | Found a hazy altar of Hepliaklqana.
  7513 | D:7      | Found a staircase to the Ecumenical Temple.
  7815 | D:7      | Reached skill level 11 in Short Blades
  7927 | D:7      | Reached XP level 10. HP: 63/63 MP: 10/10
  8012 | D:7      | Found a basalt altar of Yredelemnul.
  8765 | D:8      | Noticed a cyclops
  8769 | D:8      | Killed a cyclops
  8785 | D:8      | Reached skill level 12 in Short Blades
  9355 | D:9      | Found a transporter.
  9364 | D:9      | Reached ***** piety under Trog
  9391 | D:9      | Noticed quinnr's ghost (journeyman DjIE)
  9426 | D:9      | Found a transporter.
  9442 | D:9      | Noticed Maggie
  9845 | D:10     | Entered Level 10 of the Dungeon
 10072 | D:10     | Noticed an orange crystal statue
 10238 | D:10     | Reached skill level 13 in Short Blades
 10238 | D:10     | Reached XP level 11. HP: 35/69 MP: 11/11
 10442 | D:10     | Reached skill level 10 in Stealth
 10468 | D:10     | Noticed a two-headed ogre
 10470 | D:10     | Killed a two-headed ogre
 10573 | D:10     | Found a runed translucent gate.
 10574 | D:10     | Found a runed translucent gate.
 10575 | D:10     | Found a runed translucent gate.
 11133 | D:9      | Reached skill level 1 in Shields
 11303 | D:9      | Mangled by a komodo dragon

Illustrated notes

Levels and vault maps discovered:
D:1:      minmay_arrival_four_houses, layout_loops_cross
D:2:      layout_rooms, serial_bayou, serial_bayou_crossing,
          serial_bayou_lake_a, serial_bayou_shore_a, serial_bayou_shore_b,
          minmay_misc_feat_plants, hex_intersection,
          hangedman_abyss_or_decor_lesser_grid, uniq_natasha, uniq_jessica
D:3:      minmay_skewed_foursquare, layout_basic,
          chequers_ecumenical_altar_simple, serial_shops, shop, uniq_robin,
          uniq_grinder, uniq_ijyb
D:4:      layout_rooms, chequers_temple_overflow_statue_of_worship,
          serial_co_window_serial, co_window_paths_a, co_window_corner_a,
          co_window_paths_a, co_window_cross_1, co_window_paths_b,
          co_window_2corner, co_window_2corner, co_window_corner_b,
          co_window_broadway_a, co_window_broadway_a, co_window_2corner,
          co_window_unsneaky_path_d, glass_columns_b, glass_columns_a,
          glass_columns_b, glass_columns_b, glass_columns_b, uniq_pikel
D:5:      layout_loops_ring, serial_shops, nicolae_shop_behind_doors
D:6:      layout_loops_cross, old_standard_altar, nicolae_uskayaw_dance_studio
D:7:      layout_basic, old_standard_altar, yredelemnul_forgotten_temple_becter,
          minmay_temple_entry_tees, minivault_4, supply_closet_lemuel,
          chequers_serial_rivers_marsh, grunt_ministairs_12,
          kennysheep_crisscross
D:8:      layout_basic, minmay_bent
D:9:      layout_small_grid, erik_lair_dragon, gammafunk_ghost_stat_death,
          hangedman_decor_push, minmay_chambers_of_fives, uniq_maggie
D:10:     layout_loops_ring, gammafunk_ghost_cemetery, minivault_16
D:11:     layout_rooms, david_orc_2, hangedman_decor_diamond_cutter,
          kennysheep_generic_room_6

Skill      XL: |  1  2  3  4  5  6  7  8  9 10 11 |
---------------+----------------------------------+-----
Stealth        | 1 2 3 4 5 6 8 9 10 | 10.5
Short Blades   | 5 6 7 9 11 13 | 13.7
Dodging        | 3 4 6 7 8 9 |  9.3
Fighting       | 4 5 6 7 8 |  8.9
Shields        | 1 |  1.4
Armour         | |  1.5

Action                   |  1- 3 |  4- 6 |  7- 9 | 10-12 || total
-------------------------+-------+-------+-------+-------++-------
Melee: Short sword       |    77 |   144 |   329 |   271 ||   821
Invok: Berserk           |     1 |     3 |    10 |     3 ||    17
       Trog's Hand       |       |     1 |       |     2 ||     3
 Stab: Sleeping          |     7 |     5 |    24 |    26 ||    62
       Distracted        |       |     1 |       |     1 ||     2
Armor: Animal skin       |     8 |       |       |       ||     8
       Robe              |       |     3 |       |       ||     3
       Leather armour    |       |    13 |    38 |    31 ||    82
Dodge: Dodged            |    48 |    69 |   150 |   114 ||   381
Block: Other             |       |       |    37 |    35 ||    72
       Reflection        |       |       |     1 |     1 ||     2
       Buckler           |       |       |       |    19 ||    19

Table legend: (Time is in decaauts)
 A = Elapsed time spent in this place.
 B = Non-inter-level travel time spent in this place.
 C = Inter-level travel time spent in this place.
 D = Time resting spent in this place.
 E = Time spent auto-exploring this place.
 F = Levels seen in this place.
 G = Mean time per level.
                   A        B        C        D        E       F      G
               +--------+--------+--------+--------+--------+-----+--------+
         Total |  11259 |  10932 |    327 |    677 |   7774 |  11 | 1023.5 |
       Dungeon |  11259 |  10932 |    327 |    677 |   7774 |  11 | 1023.5 |
               +--------+--------+--------+--------+--------+-----+--------+

Top non-repeatable levels by time:
     D:4: 1797 daAuts
     D:1: 1539 daAuts
     D:3: 1351 daAuts
     D:6: 1087 daAuts
    D:10: 1021 daAuts
     D:2: 946 daAuts
     D:8: 935 daAuts
     D:7: 927 daAuts
     D:9: 854 daAuts
     D:5: 758 daAuts
    D:11: 40 daAuts
